 Dungeon Crawl Stone Soup version 0.31-a0-640-g39d97e502b (webtiles) character file.

Game seed: 16894308924214665477

3898 thirtiethelement the Reanimator (level 10, -1/68 HPs)
             Began as a Demonspawn Necromancer on Aug 28, 2023.
             Was a Follower of Dithmenos.
             Slain by an ogre
             ... wielding a +0 halberd
              (10 damage)
             ... in a bailey.
             The game lasted 00:37:12 (11466 turns).

thirtiethelement the Reanimator (DsNe)             Turns: 11466, Time: 00:37:13

Health: -1/68      AC:  8    Str:  9    XL:     10   Next: 0%
Magic:  9/19       EV: 12    Int: 21    God:    Dithmenos [*.....]
Gold:   520        SH:  4    Dex: 15    Spells: 20/24 levels left

rFire   . . .        c - +0 dagger
rCold   + . .        (no shield)
rNeg    . . .        e - +0 leather armour
rPois   .            (no helmet)
rElec   .            k - +0 cloak
rCorr   .            P - +2 pair of gloves
SInv    +            u - +0 pair of boots
Will    .....        (no amulet)
Stlth   ++++         g - ring of protection from cold
HPRegen 0.31/turn    q - ring of see invisible
MPRegen 0.32/turn

%: no passive effects
@: hasted, wreathed by umbra, very quick
A: thin skeletal structure 1, foul stench 2, magic regeneration, demonic touch
2, large bone plates 1, low MP 1, mutation resistance 1
a: Renounce Religion


You were in a bailey.
You worshipped Dithmenos.
Dithmenos was aware of your devotion.
You visited 2 branches of the dungeon, and saw 9 of its levels.
You also visited: Ossuary and Bailey.

You collected 1554 gold pieces.
You spent 1034 gold pieces at shops.

Inventory:

Hand Weapons
 c - a +0 dagger (weapon)
Missiles
 d - 16 boomerangs
 f - 4 javelins (quivered)
 y - 9 poisoned darts
 O - 6 throwing nets
Armour
 e - a +0 leather armour (worn)
 k - a +0 cloak (worn)
 u - a +0 pair of boots (worn)
 P - a +2 pair of gloves (worn)
Jewellery
 g - a ring of protection from cold (left hand)
 q - a ring of see invisible (right hand)
 w - a +6 ring of strength
 z - a ring of protection from fire
 B - a +6 ring of intelligence
Talismans
 s - a storm talisman
Wands
 x - a wand of paralysis (6)
 A - a wand of quicksilver (10)
Scrolls
 h - a scroll of poison
 i - a scroll of immolation {unknown}
 l - 3 scrolls of fear
 n - a scroll of torment
 p - 3 scrolls of teleportation
 r - 3 scrolls of revelation
 t - 2 scrolls of silence
 v - 3 scrolls of enchant armour
 C - a scroll of amnesia
 E - 2 scrolls of vulnerability
 I - a scroll of enchant weapon
 N - a scroll of fog {unknown}
Potions
 a - 5 potions of might
 b - 3 potions of magic
 m - 2 potions of haste
 o - 6 potions of resistance
 D - a potion of invisibility
 F - a potion of enlightenment
 G - a potion of experience {unknown}
 H - 3 potions of degeneration {unknown}
 J - a potion of lignification {unknown}
 K - a potion of mutation
 L - a potion of cancellation {unknown}
 M - 2 potions of berserk rage {unknown}


   Skills:
 + Level 2.3 Fighting
 + Level 3.3 Short Blades
 + Level 0.6 Throwing
 + Level 3.1 Armour
 + Level 3.5 Dodging
 + Level 4.8 Stealth
 + Level 0.4 Shields
 + Level 7.7 Spellcasting
 + Level 10.1 Necromancy


You had 20 spell levels left.
You knew the following spells:

 Your Spells              Type           Power      Damage    Failure   Level
a - Necrotise             Necr           100%       1d9       1%          1
b - Vampiric Draining     Necr           50%        2d9       1%          3

Your spell library contained the following spells:

 Spells                   Type           Power      Damage    Failure   Level
 Animate Dead             Necr           50%        N/A       1%          4
 Agony                    Necr           50%        N/A       4%          5


Dungeon Overview and Level Annotations

Branches:
Dungeon (8/15)             Temple (1/1) D:7            Lair (0/5) D:8
Ossuary (visited)          Bailey (1/1)

Altars:
Cheibriados
Dithmenos
Gozag
Hepliaklqana
Makhleb
Nemelex Xobeh
Ru
Sif Muna
Vehumet
Wu Jian
Xom
Yredelemnul

Shops:
D:5 *   D:7 *

Annotations:
D:8 Maggie, Maurice


Innate Abilities, Weirdness & Mutations

You have a somewhat thin skeletal structure. (Dex +2, Stealth+)
You sometimes emit foul miasma when damaged in melee.
You regenerate magic rapidly.
Your touch may inflict irresistible damage on your foes.
You are partially covered in large bone plates. (SH +4)
Your magical capacity is low. (-10% MP)
You are somewhat resistant to further mutation.


Message History

The spriggan hits you from afar with a +0 spear.
The spriggan attacks as it pursues you! The spriggan completely misses you.
The spriggan hits you from afar with a +0 spear.
You see here a +0 halberd.
The spriggan hits you but does no damage.
You enter the shallow water.
Moving in this stuff is going to be slow.
The spriggan attacks as it pursues you!
The spriggan hits you from afar with a +0 spear!
The spriggan completely misses you.
The spriggan hits you from afar with a +0 spear!
* * * LOW HITPOINT WARNING * * *
The spriggan attacks as it pursues you!
The spriggan splashes around in the water.
The ogre hits you from afar with a +0 halberd!
* * * LOW HITPOINT WARNING * * *
The ogre closely misses you. The spriggan misses you.
You feel yourself speed up.
The spriggan splashes around in the water.
The ogre closely misses you.
There is a gate leading back out of this place here.
The spriggan attacks as it pursues you!
The spriggan hits you but does no damage.
Casting: Vampiric Draining (safe; 1% risk of failure)
Confirm with . or Enter, or press ? or * to list all spells.
Aiming: Necrotise (safe; 1% risk of failure)
Press: ? - help, Shift-Dir - straight line, f - spriggan
Aim: a spriggan, wielding a +0 spear (chance to affect: 52%)
The spriggan writhes in agony!
You block the spriggan's attack. The spriggan hits you with a +0 spear.
* * * LOW HITPOINT WARNING * * *
Casting: Necrotise (safe; 1% risk of failure)
Confirm with . or Enter, or press ? or * to list all spells.
Aiming: Vampiric Draining (safe; 1% risk of failure)
Press: ? - help, Shift-Dir - straight line, f/p - spriggan
Aim: a spriggan, wielding a +0 spear (moderately wounded, umbra)
You draw life force from the spriggan.
You feel life coursing into your body. You block the ogre's attack.
The ogre hits you from afar with a +0 halberd!
You die...

#.....)...##
##.......##
##~~~~~##
#~~~~~#
###~~~~~###
##.........##
##........O..##
#....∩..Oi....#
##........@..##
##.........##
###.....###
#######


You could see 2 ogres and a spriggan.

Vanquished Creatures
  A spriggan (Bailey)
  2 water moccasins
  An acid dragon (D:8)
  3 orc warriors
  A sky beast (D:6)
  2 black bears
  An ice beast (D:6)
  3 centaurs
  A wolf (D:6)
  5 ogres
  A phantom (D:7)
  A kobold brigand (D:8)
  3 gnoll sergeants (D:6)
  3 scorpions
  2 electric eels (D:6)
  8 hounds
  2 jellies
  4 orc priests
  2 gnoll boudas (D:6)
  2 sleepcaps
  2 iguanas
  8 orc wizards
  9 mummies
  27 gnolls
  16 adders
  2 white imps
  An ufetubus (D:6)
  A worm (D:2)
  3 dart slugs
  33 orcs
  11 bats
  8 endoplasms
  4 giant cockroaches
  11 goblins
  10 hobgoblins
  9 jackals
  7 kobolds
  2 quokkas (D:3)
  5 ball pythons
  6 frilled lizards
  3 gnoll zombies (Ossuary)
  2 hobgoblin zombies (Ossuary)
  3 orc zombies (Ossuary)
  10 rats
241 creatures vanquished.

Vanquished Creatures (collateral kills)
  2 gnolls (D:6)
  A goblin (D:8)
3 creatures vanquished.

Vanquished Creatures (others)
  A jackal (D:6)
1 creature vanquished.

Grand Total: 245 creatures vanquished

Notes
Turn   | Place    | Note
-------+----------+-------------------------------------------
     0 | D:1      | thirtiethelement the Demonspawn Necromancer began the quest
                  | for the Orb.
     0 | D:1      | Reached XP level 1. HP: 13/13 MP: 3/3
   250 | D:1      | Gained mutation: Your touch may inflict minor irresistible
                  | damage on your foes. [demonic ancestry]
   250 | D:1      | Reached XP level 2. HP: 19/19 MP: 1/5
   421 | D:1      | Reached skill level 5 in Necromancy
   608 | D:1      | Gained mutation: You have a somewhat thin skeletal
                  | structure. (Dex +2, Stealth+) [demonic ancestry]
   608 | D:1      | Reached XP level 3. HP: 24/24 MP: 4/6
  1377 | D:2      | Learned a level 3 spell: Vampiric Draining
  1515 | D:2      | Reached XP level 4. HP: 30/30 MP: 7/7
  1941 | D:2      | Gained mutation: Your touch may inflict irresistible damage
                  | on your foes. [demonic ancestry]
  1941 | D:2      | Reached XP level 5. HP: 35/35 MP: 1/8
  2496 | D:3      | Found Xokliana's Magic Scroll Boutique.
  2594 | D:3      | Bought a scroll of identify for 22 gold pieces
  2594 | D:3      | Bought a scroll of identify for 22 gold pieces
  2594 | D:3      | Bought a scroll of fear for 44 gold pieces
  2594 | D:3      | Bought a scroll of noise for 11 gold pieces
  2594 | D:3      | Bought a scroll of teleportation for 33 gold pieces
  2741 | D:3      | Gained mutation: You occasionally lose the ability to drink
                  | potions when taking damage. [potion of mutation]
  2741 | D:3      | Gained mutation: Your spells are a little harder to cast,
                  | but a little more powerful. [potion of mutation]
  2741 | D:3      | Gained mutation: You have large cloven feet. [potion of
                  | mutation]
  2742 | D:3      | Lost mutation: You have large cloven feet. [potion of
                  | mutation]
  2742 | D:3      | Lost mutation: Your spells are a little harder to cast, but
                  | a little more powerful. [potion of mutation]
  2742 | D:3      | Gained mutation: Your spells are a little easier to cast,
                  | but a little less powerful. [potion of mutation]
  2742 | D:3      | Lost mutation: You occasionally lose the ability to drink
                  | potions when taking damage. [potion of mutation]
  2742 | D:3      | Gained mutation: You are covered in fur. (AC +1) [potion of
                  | mutation]
  2812 | D:3      | Reached skill level 1 in Armour
  3140 | D:3      | Reached skill level 1 in Short Blades
  3722 | D:4      | Reached XP level 6. HP: 27/42 MP: 1/10
  4185 | D:4      | Reached skill level 6 in Necromancy
  4427 | D:4      | Gained mutation: You may rarely emit foul miasma when
                  | damaged in melee. [demonic ancestry]
  4427 | D:4      | Reached XP level 7. HP: 47/47 MP: 7/12
  5113 | D:5      | Entered Level 5 of the Dungeon
  5678 | D:5      | Found Affatymu's Assorted Antiques.
  5681 | D:5      | Bought a knobbly glass ring for 100 gold pieces
  6241 | D:5      | Identified a scroll of acquirement
  6242 | D:5      | Acquired 953 gold pieces
  6314 | D:3      | Bought 3 scrolls of enchant armour for 247 gold pieces
  6314 | D:3      | Bought a scroll of amnesia for 44 gold pieces
  6314 | D:3      | Bought a scroll of vulnerability for 44 gold pieces
  6314 | D:3      | Bought a scroll of silence for 104 gold pieces
  6314 | D:3      | Bought a scroll of revelation for 82 gold pieces
  6314 | D:3      | Bought a scroll of teleportation for 33 gold pieces
  6412 | D:5      | Bought a scroll of identify for 40 gold pieces
  6412 | D:5      | Bought a scroll of identify for 40 gold pieces
  6412 | D:5      | Bought a scroll of identify for 40 gold pieces
  6481 | D:6      | Reached skill level 1 in Fighting
  6481 | D:6      | Reached skill level 7 in Necromancy
  6516 | D:6      | Reached XP level 8. HP: 42/54 MP: 1/15
  6653 | D:6      | Found a sand-covered staircase.
  6659 | Ossuary  | Entered an ossuary
  6801 | Ossuary  | Reached skill level 5 in Spellcasting
  8178 | D:6      | Reached skill level 8 in Necromancy
  8906 | D:6      | Gained mutation: You sometimes emit foul miasma when
                  | damaged in melee. [demonic ancestry]
  8906 | D:6      | Reached XP level 9. HP: 45/61 MP: 18/18
  9049 | D:6      | HP: 2/61 [electric eel/bolt of electricity (4)]
  9177 | D:6      | Reached skill level 9 in Necromancy
  9941 | D:7      | Found a staircase to the Ecumenical Temple.
  9950 | Temple   | Entered the Ecumenical Temple
 10120 | D:7      | Found Baukuxt's General Store.
 10138 | D:7      | Bought a potion of mutation for 128 gold pieces
 10138 | D:7      | Lost mutation: Your spells are a little easier to cast, but
                  | a little less powerful. [potion of mutation]
 10138 | D:7      | Lost mutation: You are covered in fur. (AC +1) [potion of
                  | mutation]
 10138 | D:7      | Gained mutation: Your magical capacity is low. (-10% MP)
                  | [potion of mutation]
 10138 | D:7      | Gained mutation: You are partially covered in large bone
                  | plates. (SH +4) [potion of mutation]
 10138 | D:7      | Gained mutation: You are somewhat resistant to further
                  | mutation. [potion of mutation]
 10190 | D:7      | Found a shadowy altar of Dithmenos.
 10235 | D:7      | Became a worshipper of Dithmenos the Shadowed
 10750 | D:7      | Found a sparkling altar of Nemelex Xobeh.
 10971 | D:8      | Noticed Maggie
 10971 | D:8      | Noticed Maurice
 11139 | D:8      | Noticed an orange demon
 11151 | D:8      | Reached skill level 10 in Necromancy
 11202 | D:8      | Found a staircase to the Lair.
 11244 | D:8      | Found a flagged portal.
 11420 | Bailey   | Entered a bailey
 11434 | Bailey   | Reached * piety under Dithmenos
 11435 | Bailey   | Gained mutation: You regenerate magic rapidly. [demonic
                  | ancestry]
 11435 | Bailey   | Reached XP level 10. HP: 45/68 MP: 3/19
 11466 | Bailey   | Slain by an ogre

Illustrated notes

Levels and vault maps discovered:
D:1:      lightli_arrival_quake, layout_loops_corners,
          chequers_serial_rivers_marsh, minivault_23, minmay_cupped
D:2:      layout_basic, corexii_shack, minmay_tromino_i4
D:3:      layout_basic, serial_shops, nicolae_shop_advertising_works
          [nicolae_subvault_shop_adworks]
D:4:      layout_layer_cave
D:5:      layout_basic, serial_shops, nicolae_shop_behind_doors
D:6:      layout_cave_pools, serial_gnoll_camp, gnoll_camp_mini_doghouse,
          gnoll_camp_huts_moat, gnoll_camp_mini_sergeant, gnoll_camp_mini_hut,
          gup_ossuary_entry_pyramid
D:7:      layout_loops_ring, nicolae_dithmenos_shadow_blocks,
          mainiacjoe_overflow_surrounded_room, minmay_temple_entry_statues,
          serial_shops, nicolae_shop_crystal
D:8:      layout_layer_cave, due_lair_maze_entry_diamond, serial_shops, shop,
          enter_bailey_5, uniq_amaemon, uniq_maggie, uniq_jeremiah, uniq_maurice
Temple:   hellmonk_temple_flake
Bailey:   bailey_polearm_enchanted_keep_hellmonk, bailey

Skill      XL: |  1  2  3  4  5  6  7  8  9 |
---------------+----------------------------+-----
Necromancy     | 5 6 7 8 10 | 10.1
Dodging        | 2 3 |  3.5
Stealth        | 2 3 4 |  4.8
Armour         | 1 2 3 |  3.1
Spellcasting   | 3 4 6 7 |  7.7
Short Blades   | 1 2 3 |  3.3
Fighting       | 1 2 |  2.3
Throwing       | |  0.6
Shields        | |  0.4

Action                     |  1- 3 |  4- 6 |  7- 9 | 10-12 || total
---------------------------+-------+-------+-------+-------++-------
  Melee: Dagger            |    32 |    72 |   326 |     1 ||   431
         Unarmed           |     7 |       |       |       ||     7
         Touch             |     4 |    16 |    72 |       ||    92
         Punch             |       |       |     4 |       ||     4
  Throw: Javelin           |       |       |    11 |       ||    11
         Dart              |       |       |     4 |       ||     4
   Cast: Necrotise         |    36 |    68 |   126 |     1 ||   231
         Vampiric Draining |       |    11 |    67 |     1 ||    79
    Use: Scroll            |       |     5 |    10 |       ||    15
         Potion            |       |     2 |     7 |     1 ||    10
   Stab: Sleeping          |    19 |    12 |    11 |       ||    42
 Armour: Robe              |     4 |       |       |       ||     4
         Leather armour    |     3 |    37 |   127 |     2 ||   169
  Dodge: Dodged            |    14 |    47 |   292 |     7 ||   360
  Block: Other             |       |       |    25 |     2 ||    27

Table legend: (Time is in decaauts)
 A = Elapsed time spent in this place.
 B = Non-inter-level travel time spent in this place.
 C = Inter-level travel time spent in this place.
 D = Time resting spent in this place.
 E = Time spent auto-exploring this place.
 F = Levels seen in this place.
 G = Mean time per level.
                   A        B        C        D        E       F      G
               +--------+--------+--------+--------+--------+-----+--------+
         Total |  11426 |  11028 |    398 |   2014 |   6342 |  11 | 1038.7 |
       Dungeon |  10900 |  10502 |    398 |   1882 |   6342 |   8 | 1362.5 |
        Temple |     19 |     19 |      0 |      0 |      0 |   1 |   19.0 |
       Ossuary |    459 |    459 |      0 |    129 |      0 |   1 |  459.0 |
        Bailey |     47 |     47 |      0 |      3 |      0 |   1 |   47.0 |
               +--------+--------+--------+--------+--------+-----+--------+

Top non-repeatable levels by time:
     D:6: 2356 daAuts
     D:5: 1871 daAuts
     D:4: 1599 daAuts
     D:1: 1346 daAuts
     D:2: 1129 daAuts
     D:3: 1100 daAuts
     D:7: 1069 daAuts
 Ossuary: 459 daAuts
     D:8: 426 daAuts
  Bailey: 47 daAuts
  Temple: 19 daAuts
